 Dungeon Crawl Stone Soup version 0.30-a0-368-g86fb4627a9 (webtiles) character file.

Game seed: 3410322181967927719

469 MTVSty1e the Chopper (level 6, -2/57 HPs)
             Began as a Minotaur Fighter on Nov 18, 2022.
             Killed by nerve-wracking pain
             ... invoked by an orc priest
              (7 damage)
             ... on level 5 of the Dungeon.
             The game lasted 00:02:29 (3022 turns).

MTVSty1e the Chopper (Minotaur Fighter)             Turns: 3022, Time: 00:02:30

Health: -2/57      AC:  6    Str: 23    XL:     6   Next: 82%
Magic:  5/5        EV:  9    Int:  5    God:
Gold:   202        SH:  4    Dex:  9    Spells: 5/5 levels left

rFire   . . .      SeeInvis .    a - +0 war axe
rCold   . . .      Faith    .    c - +0 buckler
rNeg    . . .      Spirit   .    b - +0 scale mail
rPois   +          Reflect  .    (helmet restricted)
rElec   .          Harm     .    (no cloak)
rCorr   .          Rampage  .    (no gloves)
Will    .....                    (no boots)
Stlth   ..........               (no amulet)
HPRegen 0.29/turn                k - ring of poison resistance
MPRegen 0.09/turn                (no ring)

@: mighty
A: horns 2, retaliatory headbutt
a: no special abilities


You were on level 5 of the Dungeon.
You visited 1 branch of the dungeon, and saw 5 of its levels.

You collected 202 gold pieces.

Inventory:

Hand Weapons
 a - a +0 war axe (weapon)
 u - a +1 hand axe of venom
Armour
 b - a +0 scale mail (worn)
 c - a +0 buckler (worn)
Jewellery
 k - a ring of poison resistance (left hand)
Wands
 m - a wand of acid (14)
Scrolls
 f - a scroll of teleportation {unknown}
 g - 2 scrolls of blinking {unknown}
 h - 2 scrolls of enchant armour {unknown}
 i - a scroll of butterflies {unknown}
 j - a scroll of immolation {unknown}
 l - 3 scrolls of identify {unknown}
 n - a scroll of poison {unknown}
 q - a scroll of torment {unknown}
 s - a scroll of amnesia {unknown}
Potions
 d - a potion of might
 e - 3 potions of heal wounds {unknown}
 o - a potion of lignification {unknown}
 p - a potion of mutation {unknown}
 r - a potion of curing {unknown}
 t - a potion of flight {unknown}
 v - a potion of haste {unknown}


   Skills:
 + Level 6.1 Fighting
 * Level 7.4 Axes
 - Level 3.6 Armour
 - Level 3.6 Shields


You had 5 spell levels left.
You didn't know any spells.
Your spell library contained the following spells:

 Spells                   Type           Power      Damage    Failure   Level
 Kiss of Death            Conj/Necr      0%         2d5       86%         1
 Summon Small Mammal      Summ           0%         N/A       86%         1
 Call Canine Familiar     Summ           0%         N/A       99%         3
 Confusing Touch          Hex            0%         N/A       99%         3
 Summon Guardian Golem    Hex/Summ       0%         N/A       99%         3
 Dispel Undead            Necr           0%         3d6       100%        4


Dungeon Overview and Level Annotations

Branches:
Dungeon (5/15)
 Temple: D:4-7

Altars:
Gozag

Shops:
D:4 *


Innate Abilities, Weirdness & Mutations

You have a pair of horns on your head.
You reflexively headbutt those who attack you in melee.


Message History

You are too injured to fight recklessly!
You are too injured to fight recklessly!
You are too injured to fight recklessly!
You are too injured to fight recklessly!
You are too injured to fight recklessly!
You are too injured to fight recklessly!
You are too injured to fight recklessly!
You are too injured to fight recklessly!
You are too injured to fight recklessly!
You are too injured to fight recklessly!
Unknown command.
You are too injured to fight recklessly!
You feel very mighty all of a sudden. The orc wizard casts a spell at you.
The magic dart hits you!
* * * LOW HITPOINT WARNING * * *
The orc priest barely misses you.
You closely miss the orc wizard. You slash the orc!
You kill the orc!
You barely miss the orc priest.
The orc wizard hits you but does no damage.
The orc priest hits you but does no damage.
You slash the orc wizard!
The orc wizard is heavily wounded.
You barely miss the orc priest.
The orc priest invokes the aid of Beogh against you.
Pain shoots through your body!
* * * LOW HITPOINT WARNING * * *
The orc wizard casts a spell at you. The magic dart hits you.
* * * LOW HITPOINT WARNING * * *
You slash the orc wizard!
You kill the orc wizard!
You slash the orc priest!
The orc priest hits you but does no damage.
The shadow imp shouts, "Get thee gone, thou gorbellied motley-minded clam!"
You block the shadow imp's attack.
The orc priest mumbles some strange prayers to Beogh against you.
Pain shoots through your body!
You die...

......###.#
###..# #.#
#.# #.## #.
##.## # #..#
##.## ##.
##.##
.....###..##
#....o@...#
#....5).....#
##..........#
#...#####..#
#..# ### #...
.... ###.


You could see an orc priest and a shadow imp.

Vanquished Creatures
  Grinder (D:3)
  A jelly (D:3)
  A hound (D:4)
  Jessica (D:3)
  An orc wizard (D:5)
  3 gnolls (D:4)
  8 adders
  A dart slug (D:2)
  6 orcs
  8 ball pythons
  5 bats
  7 endoplasms
  2 giant cockroaches
  10 goblins
  3 hobgoblins
  8 jackals
  6 quokkas
  2 frilled lizards
  6 kobolds
  2 rats (D:3)
82 creatures vanquished.

Notes
Turn   | Place    | Note
-------+----------+-------------------------------------------
     0 | D:1      | MTVSty1e the Minotaur Fighter began the quest for the Orb.
     0 | D:1      | Reached XP level 1. HP: 19/19 MP: 0/0
    45 | D:1      | Reached skill level 3 in Axes
    91 | D:1      | Reached XP level 2. HP: 19/27 MP: 1/1
    91 | D:1      | Found a faded altar of an unknown god.
   541 | D:2      | Reached XP level 3. HP: 28/33 MP: 2/2
   569 | D:2      | Reached skill level 4 in Axes
   974 | D:2      | Reached XP level 4. HP: 41/41 MP: 3/3
  1148 | D:2      | Identified the +5 hand axe "Xiril" {venom, rPois Will+
                  | Str+3 Dex-2}
  1333 | D:3      | Reached skill level 5 in Axes
  1390 | D:3      | Noticed Grinder
  1395 | D:3      | Paralysed by Grinder for 4 turns
  1405 | D:3      | Killed Grinder
  1406 | D:3      | Reached skill level 5 in Fighting
  1406 | D:3      | Reached skill level 6 in Axes
  1406 | D:3      | Reached XP level 5. HP: 18/49 MP: 4/4
  1406 | D:3      | Reached XP level 6. HP: 21/56 MP: 5/5
  1626 | D:3      | Noticed Jessica
  1632 | D:3      | Killed Jessica
  2148 | D:3      | Reached skill level 7 in Axes
  2619 | D:4      | Found an opulent altar of Gozag.
  2641 | D:4      | Found Peecw's Serpentskin Sales.
  3003 | D:5      | Entered Level 5 of the Dungeon
  3022 | D:5      | Killed from afar by an orc priest

Illustrated notes

Levels and vault maps discovered:
D:1:      enne_arrival_octagon_isle, layout_rooms,
          shapermc_ecumenical_altar_acropolis
D:2:      minmay_door_path, layout_basic, minmay_tree_intersection,
          chequers_decorated_corner
D:3:      minmay_chambers_of_twos, layout_basic, uniq_grinder, uniq_jessica
D:4:      layout_basic, mainiacjoe_overflow_alcove_1, serial_glass,
          glass_columns_c, glass_columns_c, guppyfry_shop_venom
D:5:      wad_lake_hut, layout_layer_cave, minmay_temple_entry_gardened_gates

Skill      XL: |  1  2  3  4  5  6 |
---------------+-------------------+-----
Axes           | 3 4 6 7 |  7.4
Fighting       | 4 5 6 |  6.1
Armour         | |  3.6
Shields        | |  3.6

Action                   |  1- 3 |  4- 6 || total
-------------------------+-------+-------++-------
Melee: War axe           |    66 |   111 ||   177
       Headbutt          |     5 |    18 ||    23
  Use: Potion            |       |     1 ||     1
Armor: Scale mail        |    31 |    34 ||    65
Dodge: Dodged            |    29 |    54 ||    83
Block: Buckler           |    12 |    18 ||    30

Table legend: (Time is in decaauts)
 A = Elapsed time spent in this place.
 B = Non-inter-level travel time spent in this place.
 C = Inter-level travel time spent in this place.
 D = Time resting spent in this place.
 E = Time spent auto-exploring this place.
 F = Levels seen in this place.
 G = Mean time per level.
                   A        B        C        D        E       F      G
               +--------+--------+--------+--------+--------+-----+--------+
         Total |   3068 |   2999 |     69 |    121 |   2407 |   5 |  613.6 |
       Dungeon |   3068 |   2999 |     69 |    121 |   2407 |   5 |  613.6 |
               +--------+--------+--------+--------+--------+-----+--------+

Top non-repeatable levels by time:
     D:3: 1124 daAuts
     D:2: 820 daAuts
     D:4: 590 daAuts
     D:1: 513 daAuts
     D:5: 19 daAuts
